AoeStats
← SexyBlonde

African Clearing

510629545Analyzed
3v3 RM · 15d ago on Oct 1, 2026· 44m 58s· 6 players
Game mode
Random Map
Map size
Normal (6 player)
Population
200
Speed
Normal
Resources
Standard
Victory
Conquest
Starting age
Dark Age
Ending age
Imperial Age
RankedLock teamsTeams togetherTeam positionsShared explorationLock speedFull tech treeHidden civsTurbo modeCheats
Victory
Defeat
🇬🇹 Magyars · Guatemala
1112
+17
🇷🇴 Mongols · Romania
1107
+17
🇷🇺 Huns · Russia
1048
+18
vs
🇺🇸 Magyars · United States
1150
-19
🇺🇸 Saxons · United States
1121
-17
🇺🇸 Gurjaras · United States
1094
-16
dark_alex
7:54 Loom
11:54 Feudal Age
12:57 Double-Bit Axe
14:54 Scale Barding Armor
17:27 Wheelbarrow
24:06 Castle Age
28:50 Pikeman
29:40 Scale Mail Armor
32:33 Fletching
36:55 Bow Saw
37:52 Squires
37:35 Horse Collar
38:31 Chain Mail Armor
43:03 Bodkin Arrow
43:42 Padded Archer Armor
43:55 Gold Mining
Tog Rulgay
3:52 Loom
15:14 Feudal Age
19:33 Castle Age
19:07 Wheelbarrow
18:28 Horse Collar
18:39 Double-Bit Axe
20:14 Bloodlines
20:17 Scale Barding Armor
21:14 Bow Saw
22:26 Heavy Plow
26:46 Forging
28:15 Husbandry
28:54 Chain Barding Armor
29:15 Fervor
29:34 Gold Mining
29:36 Stone Mining
30:26 Hand Cart
33:19 Imperial Age
31:17 Town Watch
32:46 Iron Casting
32:02 Fletching
32:45 Ballistics
34:01 Gold Shaft Mining
33:29 Cavalier
34:48 Plate Barding Armor
35:24 Blast Furnace
34:58 Bodkin Arrow
36:13 Two-Man Saw
36:47 Murder Holes
37:04 Masonry
37:37 Paladin
40:25 Chemistry
39:40 Bracer
39:41 Padded Archer Armor
40:48 Conscription
41:41 Leather Archer Armor
41:26 Scale Mail Armor
41:45 Light Cavalry
FeherFarkas
5:22 Loom
12:33 Feudal Age
14:14 Scale Barding Armor
14:14 Town Watch
18:12 Fletching
21:17 Gold Mining
21:52 Padded Archer Armor
22:46 Double-Bit Axe
27:56 Castle Age
26:33 Horse Collar
27:10 Bloodlines
28:53 Bodkin Arrow
30:11 Bow Saw
30:21 Leather Archer Armor
30:10 Husbandry
33:26 Ballistics
34:11 Wheelbarrow
36:18 Thumb Ring
39:22 Stone Mining
40:43 Heavy Plow
45:33 Hand Cart
SexyBlonde
3:01 Loom
14:19 Feudal Age
14:53 Double-Bit Axe
22:21 Castle Age
22:37 Bloodlines
24:01 Scale Barding Armor
27:17 Bow Saw
30:03 Forging
31:01 Wheelbarrow
31:12 Chain Barding Armor
31:13 Horse Collar
33:02 Iron Casting
32:48 Husbandry
34:11 Hand Cart
39:22 Town Watch
Angry Asian
4:59 Loom
5:26 Loom
13:32 Feudal Age
14:07 Man-at-Arms
14:40 Town Watch
16:16 Arson
19:53 Double-Bit Axe
19:50 Horse Collar
21:45 Fletching
21:55 Padded Archer Armor
27:21 Forging
27:11 Scale Mail Armor
27:53 Wheelbarrow
31:13 Castle Age
29:18 Stone Mining
32:49 Elite Skirmisher
34:45 Bow Saw
37:05 Bow Saw
37:17 Bodkin Arrow
39:18 Squires
39:04 Gambesons
40:35 Leather Archer Armor
43:04 Chain Mail Armor
Legolas123249
14:21 Feudal Age
13:55 Loom
20:13 Castle Age
19:21 Fletching
27:36 Double-Bit Axe
28:58 Scale Mail Armor
29:05 Scale Barding Armor
30:18 Wheelbarrow
37:06 Hand Cart
40:56 Bodkin Arrow
Connection lost

Rejoining the realm…

Still unreachable

The connection could not be restored.

Session expired

The server has moved on; the page needs a fresh start.